 Dungeon Crawl Stone Soup version 0.16.0-11-gd45b091 (webtiles) character file.

629577 Sorcv the Imperceptible (level 27, -7/153 (165) HPs)
             Began as a Kobold Enchanter on Mar 16, 2015.
             Was the Champion of Ashenzari.
             Mangled by a death scarab (14 damage)
             ... while paralysed by the power of Zot
             ... on level 2 of the Tomb of the Ancients on Mar 17, 2015.
             The game lasted 08:40:29 (44885 turns).

Sorcv the Imperceptible (Kobold Enchanter)         Turns: 44885, Time: 08:40:30

HP:   -7/153 (165)  AC: 33    Str: 17    XL:     27
MP:   46/46         EV:  3    Int: 13    God:    Ashenzari [******]
Gold: 5164          SH:  0    Dex: 32    Spells: 17 memorised, 9 levels left

rFire  + + .     SeeInvis +     D - +7 eudemon blade (holy)
rCold  + . .     Clarity  +     K - +5 shadow dragon armour (curse)
rNeg   + + +     SustAb   .     b - +2 buckler {rF+} (curse)
rPois  +         Gourm    .     C - -2 hat of the Alchemist {rElec rPois rF+ rC+ rN+ MR+ rMut rCorr} (curse)
rElec  +         Spirit   .     V - +2 cloak {MR+} (curse)
rCorr  +         Warding  .     F - +2 pair of gloves {Str+3} (curse)
rMut   +         Stasis   .     j - +1 pair of boots (curse)
MR     +++++                    g - amulet of regeneration (curse)
Stlth  ++++++++++               o - ring "Fruugeos" {Contam rN+ MR+ Str+4 Dex+3} (curse)
                                i - ring "Xehekh" {+Inv rN+ Dex+3 Stlth-} (curse)

@: paralysed, slowed, repel missiles, almost entirely resistant to hostile
enchantments, uncannily stealthy
A: beak, carnivore 3
a: End Transfer Knowledge, Scrying, Transfer Knowledge, Renounce Religion, Evoke
Invisibility
}: 4/15 runes: decaying, slimy, silver, gossamer


You were on level 2 of the Tomb of the Ancients.
You worshipped Ashenzari.
Ashenzari was exalted by your worship.
You were full.

You visited 11 branches of the dungeon, and saw 62 of its levels.
You visited the Abyss 2 times.
You also visited: Ice Cave, Volcano and Wizlab.

You collected 8458 gold pieces.
You spent 3294 gold pieces at shops.

Inventory:

Hand weapons
 D - a +7 eudemon blade of holy wrath (weapon)
 N - the +8 rapier of Distant Worlds {pierce, Str+3 Dex+3}
   (You found it on level 1 of the Swamp)

   It inflicts extra damage upon your enemies.
   It affects your strength (+3).
   It affects your dexterity (+3).
Armour
 b - a cursed +2 buckler of fire resistance (worn)
 j - a cursed +1 pair of boots (worn)
 C - the cursed -2 hat of the Alchemist (worn) {rElec rPois rF+ rC+ rN+ MR+ rMut rCorr}
   (You found it on level 4 of the Swamp)

   It protects you from fire.
   It protects you from cold.
   It insulates you from electricity.
   It protects you from poison.
   It protects you from negative energy.
   It affects your resistance to hostile enchantments.
   It protects you from acid and corrosion.
   It protects you from mutation.
   It has a curse placed upon it.
 F - a cursed +2 pair of gloves of strength (worn)
 K - a cursed +5 shadow dragon armour (worn)
 V - a cursed +2 cloak of magic resistance (worn)
Jewellery
 g - a cursed amulet of regeneration (around neck)
 h - the ring "Koycs" {rElec rN+ Int-5 Dex+6}
   (You found it on level 3 of the Crypt)

   [ring of positive energy]

   It affects your intelligence (-5).
   It affects your dexterity (+6).
   It insulates you from electricity.
   It protects you from negative energy.
 i - the cursed ring "Xehekh" (left hand) {+Inv rN+ Dex+3 Stlth-}
   (You took it off a deep elf sorcerer on level 3 of the Elven Halls)

   [ring of invisibility]

   It affects your dexterity (+3).
   It protects you from negative energy.
   It lets you turn invisible.
   It makes you less stealthy.
   It has a curse placed upon it.
 o - the cursed ring "Fruugeos" (right hand) {Contam rN+ MR+ Str+4 Dex+3}
   (You found it on level 3 of the Crypt)

   [ring of positive energy]

   It affects your strength (+4).
   It affects your dexterity (+3).
   It protects you from negative energy.
   It affects your resistance to hostile enchantments.
   It causes magical contamination when unequipped.
   It has a curse placed upon it.
 x - a ring of the Octopus King {rC+ AC+1 EV+1 Str+1 Int+1 Dex+1}
   (You found it on level 2 of the Depths)

   [ring of protection from cold]

   It affects your AC (+1).
   It affects your evasion (+1).
   It affects your strength (+1).
   It affects your intelligence (+1).
   It affects your dexterity (+1).
   It protects you from cold.
 L - a +5 ring of evasion
 S - the ring "Niojud" {rF+ AC+6 Stlth+}
   (You found it on level 15 of the Dungeon)

   [ring of protection]

   It affects your AC (+6).
   It protects you from fire.
   It makes you more stealthy.
Magical devices
 a - a wand of heal wounds (6)
 c - a wand of disintegration (6)
 v - a wand of digging (9)
 w - a wand of teleportation (3)
 U - a wand of teleportation (5)
Scrolls
 e - 8 scrolls of magic mapping
 f - 16 scrolls of teleportation
 k - 3 scrolls of summoning
 m - 6 scrolls of fog
 s - a scroll of curse jewellery
 t - 5 scrolls of curse armour
 A - 14 scrolls of remove curse
 G - a scroll of acquirement
 O - 4 scrolls of fear
 R - 24 scrolls of identify
 T - 8 scrolls of recharging
 W - 3 scrolls of blinking
Potions
 l - 5 potions of curing
 n - 3 potions of heal wounds
 p - 4 potions of flight
 r - 10 potions of agility
 u - 6 potions of resistance
 y - 7 potions of restore abilities
 I - 7 potions of brilliance
 J - 4 potions of might
 Q - 6 potions of cancellation
 Z - 7 potions of haste
Books
 q - an Akashic Record {highlevel}

   Spells                             Type                      Level
   a - Dispersal                      Translocation                6
   b - Controlled Blink               Translocation                7
   c - Malign Gateway                 Summoning/Translocation      7
   d - Disjunction                    Translocation                8
   e - Singularity                    Translocation                9
Miscellaneous
 z - a phial of floods
 M - a lamp of fire (inert)
 X - a lamp of fire (inert)
Comestibles
 d - 19 meat rations
 B - 7 royal jellies


   Skills:
 - Level 15.0 Fighting
 - Level 10.6(16.9) Short Blades
 - Level 14.4(14.9) Long Blades
 - Level 16.0(21.1) Armour
 - Level 20.2 Dodging
 + Level 26.5 Stealth
 - Level 5.0(8.0) Shields
 - Level 19.0 Spellcasting
 - Level 6.6(11.1) Conjurations
 - Level 10.9(15.1) Hexes
 - Level 4.0(8.2) Charms
   Level 11.9(16.1) Summonings
 - Level 10.0(14.3) Necromancy
 + Level 9.6(13.9) Translocations
 - Level 1.4(4.3) Ice Magic
 - Level 5.0(9.4) Air Magic
 - Level 10.0(14.3) Evocations


You had 9 spell levels left.
You knew the following spells:

 Your Spells              Type           Power        Failure   Level  Hunger
a - Corona                Hex            ######.      1%          1    None
b - Ensorcelled Hibernat  Hex/Ice        #####.       1%          2    None
c - Confuse               Hex            ######..     1%          3    None
d - Dazzling Spray        Conj/Hex       #####...     1%          3    None
e - Silence               Hex/Air        #####.....   3%          5    ####...
f - Dispel Undead         Necr           #####...     1%          5    ####...
g - Phase Shift           Tloc           #####.....   1%          5    ####...
h - Regeneration          Chrm/Necr      #####.....   1%          3    None
i - Blink                 Tloc           N/A          1%          2    None
j - Apportation           Tloc           #####.....   1%          1    None
k - Invisibility          Hex            ######..     10%         6    ######.
l - Repel Missiles        Chrm/Air       #####.       1%          2    None
m - Control Teleport      Chrm/Tloc      #####.....   2%          4    #......
n - Swiftness             Chrm/Air       #####...     1%          2    None
o - Stoneskin             Trmt/Erth      ##......     28%         2    None
p - Spectral Weapon       Hex/Chrm       #####...     1%          3    None
q - Haste                 Chrm           ####....     90%         6    ######.


Dungeon Overview and Level Annotations

Branches:
Dungeon (15/15)              Lair (8/8) D:9           Swamp (5/5) Lair:5
 Spider (5/5) Lair:5        Slime (6/6) Lair:7          Orc (4/4) D:12
    Elf (3/3) Orc:3        Vaults (5/5) D:14          Crypt (3/3) Vaults:2
   Tomb (3/3) Crypt:3      Depths (5/5) D:15            Zot (0/5) Depths:5
 Temple: D:4-7

Altars:
Ashenzari
Elyvilon
Kikubaaqudgha
Makhleb
Nemelex Xobeh
Okawaru
Qazlal
Xom
Yredelemnul
Zin
The Shining One
Beogh
Jiyva

Shops:
D:6 (   D:11 !   Orc:1 *   Orc:4 :(*%!   Elf:2 *   Vaults:4 (   Depths:2 [
Depths:4 (

Portals:
Hell: Depths:1 Depths:2 Depths:3 Depths:4 Depths:5
Abyss: Depths:2 Depths:4
Pandemonium: Depths:3 Depths:4
Ziggurat: Depths:4

Annotations:
D:3 eeldvark's ghost, average SpAs


Innate Abilities, Weirdness & Mutations

You are small and have problems with some larger weapons.
You are carnivorous and can eat meat at any time.
You have a beak for a mouth.


Message History

You hear a loud "Zot"!
The power of Zot is invoked against you!
You suddenly lose the ability to move!
The death scarab bites you. The death scarab bites you!
* * * LOW HITPOINT WARNING * * *
You hear a loud "Zot"!
The death scarab bites you!
* * * LOW HITPOINT WARNING * * *
The death scarab bites you.
* * * LOW HITPOINT WARNING * * *
The death scarab bites you. The death scarab bites you. x2
You hear a loud "Zot"!
The death scarab bites you.
* * * LOW HITPOINT WARNING * * *
The death scarab bites you!
* * * LOW HITPOINT WARNING * * *
The death scarab bites you. x2
The death scarab bites you!
You die...

####################*#******
#^....^..§B@#......#...,,,,,
#......^^§BB#......'.,,,,,,,
#....^...§§.#.....^#,,,,,,,,
#..^.....§§.#...^..#,,,,,,,,
#.....#########)############
#.....#......(.......(......
#...^.#.....................
###'###........!............
#.^^^.#.....................


You could see 3 death scarabs.

Vanquished Creatures
  the royal jelly (Slime:6)
  Khufu (Crypt:1)
  3 ancient liches
  9 greater mummies
  Boris (twice) (Vaults:2 Tomb:1)
  Sojobo (Crypt:1)
  Norris (Elf:2)
  Saint Roka (Vaults:2)
  Mara (Vaults:4)
  Mennas (Crypt:2)
  3 golden dragons
  Jory (Vaults:2)
  A bone dragon (Crypt:3)
  Frederick (Depths:4)
  Arachne (Spider:5)
  5 liches
  7 tentacled monstrosities
  A Cloud Mage (WizLab)
  3 quicksilver dragons
  14 acid blobs
  A deep elf master archer (Elf:3)
  A spellforged servitor (Depths:4)
  2 deep elf blademasters (Elf:3)
  2 titans
  An eldritch tentacle (Vaults:5)
  3 octopode crushers (Depths:4)
  2 ancient champions
  5 shadow dragons
  Agnes (Crypt:2)
  16 sphinxes
  2 storm dragons
  Frances (Swamp:2)
  3 revenants
  8 tengu reavers
  10 azure jellies
  6 frost giants
  Donald (Vaults:4)
  Maud (Lair:5)
  4 fire giants
  A draconian scorcher (Depths:5)
  13 emperor scorpions
  Louise (Spider:4)
  A caustic shrike zombie (Depths:3)
  A curse skull (Crypt:1)
  4 ghost moths
  16 vault wardens
  13 deep elf sorcerers
  An orc warlord (Depths:2)
  A draconian shifter (Depths:5)
  7 ghouls
  16 stone giants
  A spriggan defender (Depths:4)
  15 ironheart preservers
  8 very ugly things
  8 reapers
  4 deep elf demonologists
  5 war gargoyles
  A black draconian (Depths:5)
  3 vampire knights
  A purple draconian (Depths:5)
  4 bennus
  13 deep elf annihilators
  A white draconian (Depths:5)
  The ghost of xsansara the Stickfighter, a powerful MiBe of Trog (D:15)
  A mottled draconian (Depths:5)
  4 dire elephants
  4 unborn
  A blizzard demon (Depths:2)
  6 deep elf death magi
  5 crystal guardians
  14 vault guards
  16 mummy priests
  8 ettins
  A merfolk javelineer (Depths:5)
  7 death oozes
  6 fire dragons
  9 jiangshi
  22 yaktaur captains
  A rakshasa (Depths:1)
  5 eidola (Crypt:1)
  7 deep elf high priests
  A minotaur (Depths:5)
  5 great orbs of eyes
  Fannar (D:15)
  Harold (D:15)
  11 deep troll earth magi
  8 ice dragons
  6 hydras
  11 ogre magi
  2 spriggan air magi
  2 ghost crabs (Swamp:5)
  19 dancing weapons
  4 catoblepae
  7 deep troll shamans
  28 death yaks
  5 alligators
  7 centaur warriors
  A death knight (Crypt:3)
  8 vampire magi
  9 orc high priests
  2 titan zombies
  6 soul eaters
  18 hell knights
  The ghost of Swippen the Grappler, an experienced TrMo of Ru (D:10)
  16 deep elf knights
  Erolcha (D:8)
  3 iron trolls
  A spectral grey draconian (Tomb:1)
  2 spectral anacondas (Crypt:1)
  A deep troll (shapeshifter) (Elf:1)
  5 swamp dragons
  A fire crab (shapeshifter) (Vaults:3)
  An ice devil (Depths:2)
  26 skeletal warriors
  A ghost moth zombie (Tomb:1)
  3 fire crabs
  An unseen horror (Vaults:1)
  3 shadow wraiths
  An unseen horror (shapeshifter) (Vaults:1)
  A wizard (Depths:1)
  2 flayed ghosts
  35 deep trolls
  A storm dragon skeleton (Tomb:1)
  A swamp dragon (shapeshifter) (Vaults:4)
  2 shadow demons (Depths:2)
  9 hill giants
  4 giant orange brains
  3 deep elf summoners
  A spriggan druid (Swamp:4)
  A lindwurm (shapeshifter) (Vaults:1)
  14 necromancers
  An anubis guard (shapeshifter) (Vaults:5)
  An obsidian statue (D:15)
  32 anubis guards
  13 ironbrand convokers
  3 spectral hydras
  A shadow dragon zombie (Crypt:3)
  A manticore (shapeshifter) (Vaults:5)
  18 orb spiders
  A hornet (shapeshifter) (Vaults:1)
  20 deep elf conjurers
  11 harpies
  3 wolf spider zombies
  42 ugly things
  A salamander (Depths:5)
  5 manticores
  10 hornets
  5 phantasmal warriors
  4 shining eyes
  35 wolf spiders
  13 orc knights
  A moth of wrath (Spider:5)
  7 griffons
  4 cyclopes
  A frost giant zombie (Crypt:3)
  A shadow dragon skeleton (Depths:3)
  A stone giant zombie (Vaults:1)
  15 elephants
  5 orc sorcerers
  2 draconians (shapeshifter)
  A harpy (shapeshifter) (Vaults:4)
  A centaur zombie (D:14)
  6 black mambas
  5 sixfirhies
  An elephant (shapeshifter) (Depths:4)
  A smoke demon (Depths:5)
  3 stone giant skeletons
  Joseph (D:12)
  2 molten gargoyles (Volcano)
  A rust devil (Depths:2)
  12 spiny frogs
  16 vault sentinels
  A frost giant skeleton (Tomb:3)
  An orange demon (Crypt:1)
  An eye of devastation (Slime:5)
  A gargoyle (D:13)
  A guardian serpent (shapeshifter) (Depths:3)
  2 yaktaur zombies (Depths:4)
  The ghost of Sorcv the Covert, an experienced KoEn (D:5)
  Psyche (D:8)
  4 human zombies
  3 torpor snails
  A fire drake (Lair:6)
  An emperor scorpion zombie (Crypt:1)
  A shock serpent skeleton (Crypt:3)
  A swamp worm zombie (Swamp:5)
  9 komodo dragons
  2 kobold demonologists (D:11)
  A hellwing (Depths:5)
  A white draconian skeleton (Crypt:2)
  20 demonic crawlers
  9 deep elf priests
  4 hydra zombies
  A queen bee (D:10)
  A tengu conjurer (Depths:2)
  A yaktaur (shapeshifter) (Vaults:3)
  27 jumping spiders
  59 yaktaurs
  2 freezing wraiths
  35 guardian mummies
  2 yaktaur skeletons (Vaults:1)
  A harpy zombie (Crypt:1)
  20 polar bears (IceCv)
  7 wind drakes (WizLab)
  2 red devils
  2 giant leeches (Swamp:1)
  4 spectral swamp dragons (Swamp:5)
  A harpy skeleton (Tomb:3)
  A minotaur skeleton (Crypt:1)
  2 baby alligators (shapeshifter)
  6 trolls
  5 large abominations (Vaults:5)
  A blink frog (shapeshifter) (Vaults:2)
  3 ravens (Depths:2)
  4 alligator zombies (Swamp:5)
  5 ushabtiu (Tomb:1)
  8 boulder beetles
  A fire dragon zombie (Crypt:3)
  5 hydra skeletons
  70 slime creatures
  20 two-headed ogres
  13 bog bodies
  An ettin zombie (Vaults:1)
  A frost giant simulacrum (Crypt:1)
  49 air elementals
  26 redbacks
  A wyvern (D:12)
  2 spriggans (Swamp:4)
  8 basilisks
  26 flying skulls
  23 blink frogs
  18 trapdoor spiders
  11 water elementals
  2 vampires (Crypt:2)
  A black mamba zombie (Tomb:1)
  A spectral black mamba (Crypt:1)
  A spriggan (shapeshifter) (Vaults:3)
  30 tarantellas
  5 wraiths
  A hill giant zombie (D:12)
  33 deep elf magi
  54 yaks
  Eustachio (D:5)
  4 golden eyes (Slime:5)
  23 vampire mosquitoes
  2 hogs (shapeshifter)
  10 hippogriffs
  7 shadows
  A black mamba skeleton (Tomb:3)
  33 deep elf fighters
  A neqoxec (Tomb:1)
  15 wargs
  6 hungry ghosts
  24 swamp worms
  3 mottled dragons
  16 water moccasins
  17 insubstantial wisps
  A torturous demonspawn zombie (Crypt:1)
  21 wolves (IceCv)
  A spatial vortex (Vaults:4)
  An orb spider zombie (Crypt:1)
  6 necrophages
  7 ice beasts
  10 porcupines
  5 sky beasts
  48 spiders
  7 eyes of draining
  A snapping turtle zombie (Crypt:1)
  4 swamp dragon zombies (Swamp:5)
  35 orc warriors
  7 phantoms
  7 swamp drakes
  A black bear (D:9)
  12 boggarts
  A fire dragon simulacrum (Tomb:2)
  A deep dwarf (shapeshifter) (Vaults:2)
  An ogre (shapeshifter) (Elf:2)
  4 wasps
  50 ogres
  Duvessa (D:9)
  11 centaurs
  11 crocodiles
  A fire drake zombie (Crypt:2)
  2 lost souls
  16 big kobolds
  18 giant frogs
  A salamander zombie (Crypt:1)
  A small abomination (Abyss:1)
  Blork the orc (D:6)
  A komodo dragon skeleton (Crypt:2)
  2 wyvern skeletons
  A yak zombie (Crypt:2)
  23 scorpions
  3 elf zombies (Elf:1)
  29 killer bees
  A raiju zombie (Crypt:1)
  A spriggan zombie (Tomb:2)
  A water moccasin skeleton (D:7)
  7 wights
  19 jellies
  3 quasits
  An electric eel (Lair:5)
  7 crimson imps
  Dowan (D:9)
  2 goliath beetles
  6 hounds
  25 orc wizards
  A giant frog zombie (D:12)
  A gnoll shaman (D:10)
  41 orc priests
  A giant frog skeleton (D:11)
  2 yaktaur simulacra
  A two-headed ogre zombie (Vaults:1)
  2 centaur skeletons
  6 iguanas
  A boulder beetle simulacrum (Vaults:1)
  A demonspawn skeleton (Crypt:2)
  An iron imp (Depths:1)
  8 sheep
  9 worker ants
  Ijyb (D:6)
  A mottled dragon zombie (Crypt:1)
  5 ogre zombies (D:12)
  3 hound skeletons
  34 mummies
  3 worker ant zombies
  5 gnolls
  61 river rats
  13 adders
  A swamp drake zombie (Crypt:1)
  A shadow imp (D:8)
  14 white imps
  15 giant mites
  A goliath beetle zombie (Crypt:1)
  2 ufetubi (Elf:3)
  2 adder skeletons
  An adder zombie (D:5)
  3 giant geckos
  An ooze (D:3)
  185 orcs
  17 bats
  5 giant cockroaches
  15 goblins
  16 hobgoblins
  13 jackals
  A ball python (D:6)
  4 giant newts
  3 goblin zombies (D:12)
  A hobgoblin skeleton (D:12)
  2 hobgoblin zombies (D:12)
  25 kobolds
  An orc skeleton (D:12)
  12 orc zombies (D:12)
  10 quokkas
  14 rats
  A river rat zombie (Crypt:2)
  2 crawling corpses (Elf:3)
  2 fungi (Lair:7)
  A plant (D:9)
2826 creatures vanquished.

Vanquished Creatures (collateral kills)
  A bone dragon (Swamp:5)
  2 liches (Vaults:5)
  2 titans (Vaults:5)
  2 acid blobs (Slime:6)
  A shadow dragon (Vaults:5)
  2 tengu reavers (Vaults:5)
  2 stone giants (Vaults:5)
  An ettin (Vaults:5)
  A deep elf death mage (Vaults:5)
  19 vault guards (Vaults:5)
  A yaktaur captain (Vaults:5)
  A hell knight (Vaults:5)
  A death scarab (Tomb:3)
  A deep troll (Vaults:5)
  3 ironbrand convokers (Vaults:5)
  2 phantasmal warriors (Vaults:5)
  An anubis guard (Tomb:3)
  2 vault sentinels (Vaults:5)
  6 yaktaurs (Vaults:5)
  2 two-headed ogres (Vaults:5)
  A deep elf mage (Vaults:5)
  2 ogres (Vaults:5)
  A phantom (Swamp:5)
  A lost soul (Vaults:5)
  A mummy (Tomb:3)
  2 orcs (Vaults:2)
61 creatures vanquished.

Vanquished Creatures (others)
  An eldritch tentacle (Tomb:3)
  3 tengu reavers (Vaults:5)
  A stone giant (Vaults:5)
  A vault guard (Vaults:5)
  2 yaktaur captains (Vaults:5)
  A deep elf high priest (Vaults:5)
  2 ironbrand convokers (Vaults:5)
  2 deep trolls
  An ogre mage (Vaults:1)
  A skeletal warrior (Tomb:2)
  2 spectral hydras (Swamp:5)
  A wolf spider (Spider:2)
  2 vault sentinels
  A fire elemental (Tomb:3)
  5 yaktaurs (Vaults:5)
  A demonic crawler (Spider:2)
  A catoblepas skeleton (Tomb:2)
  A polar bear (IceCv)
  A water elemental (Depths:1)
  A deep elf mage (Vaults:5)
  3 deep elf fighters
  A yak (IceCv)
  A vampire mosquito (Swamp:5)
  An insubstantial wisp (Swamp:5)
  A swamp drake (Swamp:1)
  A spider (Spider:2)
  A phantom (Swamp:5)
  An ogre (Vaults:2)
  3 boggarts
  A snapping turtle skeleton (Tomb:2)
  4 lost souls
  An elf skeleton (Tomb:2)
  3 mummies (Tomb:2)
  2 orcs
  95 eldritch tentacle segments
  2 fungi
  A plant (Depths:1)
153 creatures vanquished.

Grand Total: 3040 creatures vanquished

Notes
Turn   | Place    | Note
--------------------------------------------------------------
     0 | D:1      | Sorcv, the Kobold Enchanter, began the quest for the Orb.
     0 | D:1      | Reached XP level 1. HP: 10/10 MP: 3/3
   110 | D:1      | Reached XP level 2. HP: 3/15 MP: 4/4
   114 | D:1      | Learned a level 2 spell: Ensorcelled Hibernation
   380 | D:1      | Reached XP level 3. HP: 19/19 MP: 3/6
   524 | D:2      | Reached skill level 5 in Stealth
   778 | D:3      | Reached XP level 4. HP: 11/24 MP: 0/7
   779 | D:3      | Noticed eeldvark's ghost (average SpAs)
   783 | D:3      | Found a shattered altar of Ashenzari.
   790 | D:3      | Became a worshipper of Ashenzari the Shackled
   934 | D:3      | Reached skill level 6 in Stealth
  1103 | D:3      | Found a basalt altar of Yredelemnul.
  1235 | D:4      | Reached XP level 5. HP: 22/28 MP: 9/9
  1322 | D:4      | Found a shimmering altar of Xom.
  1323 | D:4      | Found a shimmering altar of Xom.
  1323 | D:4      | Found a shimmering altar of Xom.
  1323 | D:4      | Found a shimmering altar of Xom.
  1349 | D:4      | Reached skill level 7 in Stealth
  1354 | D:4      | Found a stormy altar of Qazlal.
  1551 | D:5      | Entered Level 5 of the Dungeon
  1591 | D:5      | Reached XP level 6. HP: 27/32 MP: 1/10
  1640 | D:5      | Noticed an orc warrior
  1683 | D:5      | Learned a level 3 spell: Confuse
  1687 | D:5      | Learned a level 3 spell: Dazzling Spray
  1719 | D:5      | Noticed a sky beast
  1723 | D:5      | Killed a sky beast
  1723 | D:5      | Reached skill level 8 in Stealth
  1723 | D:5      | Reached skill level 1 in Shields
  1802 | D:5      | Noticed Eustachio
  1831 | D:5      | Killed Eustachio
  1831 | D:5      | Reached skill level 1 in Conjurations
  1831 | D:5      | Reached skill level 1 in Ice Magic
  1831 | D:5      | Reached XP level 7. HP: 16/36 MP: 12/12
  1946 | D:5      | Reached skill level 9 in Stealth
  2159 | D:5      | Noticed Sorcv's ghost (experienced KoEn)
  2168 | D:5      | Killed Sorcv's ghost
  2168 | D:5      | Reached skill level 5 in Dodging
  2168 | D:5      | Reached skill level 10 in Stealth
  2168 | D:5      | Reached XP level 8. HP: 41/41 MP: 13/13
  2530 | D:6      | Found Kladdolla's Weapon Boutique.
  2537 | D:6      | Noticed Blork the orc
  2541 | D:6      | Killed Blork the orc
  2657 | D:6      | Noticed Ijyb
  2664 | D:6      | Found a shattered altar of Ashenzari.
  2678 | D:6      | Killed Ijyb
  2797 | D:7      | Found a white marble altar of Elyvilon.
  2797 | D:7      | Found an iron altar of Okawaru.
  2831 | D:7      | Reached skill level 11 in Stealth
  2831 | D:7      | Reached skill level 5 in Hexes
  2831 | D:7      | Reached XP level 9. HP: 41/45 MP: 14/14
  3151 | D:7      | Reached skill level 5 in Short Blades
  3223 | D:7      | Acquired Ashenzari's first power
  3336 | D:7      | Reached skill level 1 in Fighting
  3438 | D:7      | Found a burning altar of Makhleb.
  3450 | D:7      | Found a glowing silver altar of Zin.
  3451 | D:7      | Noticed a balrug
  3451 | D:7      | Noticed an angel
  3511 | D:8      | Reached skill level 12 in Stealth
  3823 | D:8      | Noticed Erolcha
  3832 | D:8      | Reached skill level 5 in Fighting
  3832 | D:8      | Reached XP level 10. HP: 27/59 MP: 16/16
  3832 | D:8      | Killed Erolcha
  3832 | D:8      | Reached skill level 13 in Stealth
  3884 | D:8      | Reached skill level 14 in Stealth
  4012 | D:8      | Noticed Psyche
  4020 | D:8      | Killed Psyche
  4309 | D:9      | Noticed Duvessa
  4335 | D:9      | Noticed a skeletal warrior
  4335 | D:9      | Noticed a skeletal warrior
  4426 | D:9      | Noticed Dowan
  4441 | D:9      | Killed Dowan
  4507 | D:9      | Reached XP level 11. HP: 43/67 MP: 22/22
  4514 | D:9      | Reached skill level 5 in Spellcasting
  4556 | D:9      | Noticed a skeletal warrior
  4560 | D:9      | Identified a scroll of acquirement
  4560 | D:9      | Identified the cursed -2 hand crossbow "Duetwele" {velocity, rN+ Str+6} (You acquired it on level 9 of the Dungeon)
  4617 | D:9      | Reached skill level 15 in Stealth
  4667 | D:9      | Found a staircase to the Lair.
  4705 | Lair:1   | Entered Level 1 of the Lair of Beasts
  4742 | Lair:1   | Acquired Ashenzari's second power
  5168 | Lair:2   | Acquired Ashenzari's third power
  5575 | Lair:2   | Reached skill level 16 in Stealth
  5698 | Lair:3   | Reached skill level 10 in Dodging
  5847 | Lair:3   | Reached XP level 12. HP: 72/72 MP: 24/24
  5861 | Lair:3   | Acquired Ashenzari's fourth power
  6470 | Lair:4   | Reached skill level 17 in Stealth
  6644 | Lair:5   | Found a hole to the Spider Nest.
  6977 | Lair:5   | Noticed Maud
  7224 | Lair:6   | Reached XP level 13. HP: 76/76 MP: 25/25
  7474 | Lair:6   | Reached skill level 1 in Evocations
  7590 | Lair:7   | Reached skill level 18 in Stealth
  7655 | Lair:7   | Reached skill level 5 in Evocations
  8045 | Lair:7   | Reached skill level 10 in Evocations
  8095 | Lair:7   | Reached XP level 14. HP: 82/82 MP: 11/27
  8109 | Lair:7   | Reached skill level 19 in Stealth
  8163 | Lair:8   | Entered Level 8 of the Lair of Beasts
  8366 | Lair:8   | Reached skill level 15 in Dodging
  8674 | Lair:8   | Reached skill level 20 in Stealth
  8809 | Lair:8   | Reached skill level 5 in Shields
  8856 | Lair:8   | Reached XP level 15. HP: 34/86 MP: 17/28
  9223 | D:9      | Learned a level 5 spell: Silence
  9255 | D:9      | Killed Duvessa
  9298 | D:10     | Entered Level 10 of the Dungeon
  9574 | D:10     | Noticed Swippen's ghost (experienced TrMo)
  9587 | D:10     | Killed Swippen's ghost
  9587 | D:10     | Reached skill level 21 in Stealth
  9767 | D:10     | Gained mutation: You are frail (-10% HP). [potion of mutation]
  9767 | D:10     | Gained mutation: Scrolls take you a little longer to read. [potion of mutation]
  9767 | D:10     | Gained mutation: You are somewhat resistant to further mutation. [potion of mutation]
  9768 | D:10     | Gained mutation: You are resistant to hostile enchantments. [potion of mutation]
  9768 | D:10     | Gained mutation: Your body is slowly deteriorating. [potion of mutation]
  9769 | D:10     | Lost mutation: You are frail (-10% HP). [potion of cure mutation]
  9769 | D:10     | Lost mutation: You are resistant to hostile enchantments. [potion of cure mutation]
  9769 | D:10     | Lost mutation: You are somewhat resistant to further mutation. [potion of cure mutation]
  9769 | D:10     | Lost mutation: Your body is slowly deteriorating. [potion of cure mutation]
  9769 | D:10     | Lost mutation: Scrolls take you a little longer to read. [potion of cure mutation]
  9913 | D:11     | Found Puyquta's Distillery.
  9918 | D:11     | Bought 2 potions of curing for 84 gold pieces
  9918 | D:11     | Bought a potion of curing for 42 gold pieces
  9918 | D:11     | Bought a potion of might for 56 gold pieces
  9918 | D:11     | Bought a potion of heal wounds for 70 gold pieces
  9918 | D:11     | Bought a potion of curing for 42 gold pieces
  9918 | D:11     | Bought a potion of curing for 42 gold pieces
  9918 | D:11     | Bought a potion of curing for 42 gold pieces
 10050 | D:11     | Learned a level 4 spell: Enslavement
 10364 | D:12     | Reached skill level 1 in Air Magic
 10407 | D:12     | Found a staircase to the Orcish Mines.
 10566 | Orc:1    | Entered Level 1 of the Orcish Mines
 10655 | Orc:1    | Found Riecepetog's Assorted Antiques.
 10665 | Orc:1    | Bought a brass wand for 120 gold pieces
 10665 | Orc:1    | Bought a warped cloak for 285 gold pieces
 10665 | Orc:1    | Identified the cursed -2 cloak of Light {rElec Str+4} (You bought it in a shop on level 1 of the Orcish Mines)
 11175 | Orc:2    | Found a burning altar of Makhleb.
 11282 | Orc:2    | Found a frozen archway.
 11402 | IceCv    | Entered an ice cave
 11989 | IceCv    | Noticed a frost giant
 12084 | IceCv    | Killed a frost giant
 12084 | IceCv    | Reached skill level 22 in Stealth
 12372 | Orc:3    | Found a dark tunnel.
 12403 | Volcano  | Entered a volcano
 12479 | Volcano  | Found a radiant altar of Vehumet.
 12574 | Volcano  | Reached skill level 5 in Air Magic
 12760 | Orc:3    | Learned a level 5 spell: Phase Shift
 12786 | Orc:4    | Entered Level 4 of the Orcish Mines
 12829 | Orc:4    | Found Lemeun's Assorted Antiques.
 13026 | Orc:4    | Reached skill level 1 in Translocations
 13308 | Orc:4    | Reached XP level 16. HP: 80/92 MP: 29/29
 13406 | Orc:4    | Found Jyvudgh's Distillery.
 13406 | Orc:4    | Found Saulor's Food Boutique.
 13525 | Orc:4    | Found a roughly hewn altar of Beogh.
 13533 | Orc:4    | Found Mihivyk Inok's Antique Weapon Emporium.
 13533 | Orc:4    | Found Ghixt's Book Boutique.
 13551 | Orc:4    | Bought Huinyf's Tome of Nocuous Darkness for 896 gold pieces
 13615 | Orc:3    | Found a staircase to the Elven Halls.
 13834 | Orc:3    | Learned a level 3 spell: Regeneration
 13848 | Elf:1    | Entered Level 1 of the Elven Halls
 13897 | Elf:1    | Paralysed by an orc sorcerer for 5 turns
 14303 | Elf:1    | Reached skill level 1 in Necromancy
 14398 | Elf:1    | Identified the cursed +2 shortbow "Jixzeots" {speed, Str-2 Int+8}
 14612 | Elf:1    | Cast into the Abyss (a deep elf sorcerer)
 14658 | Abyss:1  | Identified the +4 mace of Circular Logic {flame, Dex+2}
 14664 | Abyss:1  | Noticed a lich
 14885 | Abyss:1  | Found a blossoming altar of Fedhas.
 14893 | Abyss:1  | Found a blossoming altar of Fedhas.
 14903 | Abyss:1  | Found a corrupted altar of Lugonu.
 14911 | Elf:1    | Escaped the Abyss
 14957 | Elf:1    | Reached skill level 5 in Necromancy
 15074 | Elf:2    | Reached skill level 23 in Stealth
 15091 | Elf:2    | Found a runed gate.
 15092 | Elf:2    | Found a runed gate.
 15092 | Elf:2    | Found a runed gate.
 15224 | Elf:2    | Reached XP level 17. HP: 61/96 MP: 31/31
 15227 | Elf:2    | Noticed Norris
 15440 | Elf:2    | Found Mowkuze's Assorted Antiques.
 15443 | Elf:2    | Bought an iron wand for 124 gold pieces
 15443 | Elf:2    | Bought 2 potions of curing for 186 gold pieces
 15711 | Elf:2    | Killed Norris
 15770 | Elf:3    | Entered Level 3 of the Elven Halls
 15902 | Elf:3    | Learned a level 2 spell: Blink
 15904 | Elf:3    | Learned a level 1 spell: Apportation
 16092 | Elf:3    | Found a magical portal.
 16106 | WizLab   | Entered The Chambers of Vupif the Cloud Mage
 16538 | WizLab   | Noticed Vupif
 16876 | WizLab   | Killed Vupif the Cloud Mage
 16876 | WizLab   | Reached skill level 10 in Necromancy
 16890 | WizLab   | Identified the +3 ring mail "Pirrus Hea" {Int+3}
 16933 | WizLab   | Identified the Handbook of Lucky Lightness (You found it in a wizard's laboratory)
 16938 | WizLab   | Identified Valaell's Grimoire of Harmful Weightlessness (You found it in a wizard's laboratory)
 17568 | Elf:3    | Reached skill level 24 in Stealth
 17681 | Elf:3    | Noticed a deep elf blademaster
 17722 | Elf:3    | Noticed a deep elf blademaster
 17743 | Elf:3    | Killed a deep elf blademaster
 17833 | Elf:3    | Reached XP level 18. HP: 77/101 MP: 28/33
 17971 | Elf:3    | Noticed a deep elf master archer
 18058 | Elf:3    | Killed a deep elf blademaster
 18128 | Elf:3    | Killed a deep elf master archer
 18170 | Elf:3    | Cast into the Abyss (a deep elf sorcerer)
 18211 | Elf:3    | Escaped the Abyss
 18222 | Elf:3    | Identified the ring "Throuwuom" {Wiz -Tele rPois rN+ Str+2 Int+4} (You took it off a deep elf sorcerer on level 3 of the Elven Halls)
 18302 | Elf:3    | Identified the ring "Xehekh" {+Inv rN+ Dex+3 Stlth-} (You took it off a deep elf sorcerer on level 3 of the Elven Halls)
 18302 | Elf:3    | Identified the +11 short sword of Xaeh {vamp, -Tele rC++ Int+4 Stlth+} (You took it off a deep elf sorcerer on level 3 of the Elven Halls)
 18302 | Elf:3    | Reached skill level 10 in Spellcasting
 18358 | Elf:3    | Identified the cursed -1 robe "Chuom" {Dex+4 Stlth+}
 18386 | Elf:3    | Identified the +3 hunting sling "Stuyhuyj" {velocity, rN+ MP+9 Str+4 Dex-2}
 18441 | Elf:3    | Identified the Tome of Sinister Secrets (You found it on level 3 of the Elven Halls)
 18489 | Elf:3    | Identified the +7 great sword of Parts Unknown {holy, Str+3 Int+4}
 18495 | Elf:3    | Identified the Guide on the Rocks and Translocation
 18510 | Elf:3    | Identified the Grimoire of Talismans
 18662 | Elf:3    | Learned a level 6 spell: Invisibility
 18842 | Orc:4    | Bought a brightly glowing scale mail for 288 gold pieces
 18842 | Orc:4    | Identified the +4 scale mail of Bristygh {rN+} (You bought it in a shop on level 4 of the Orcish Mines)
 18844 | Orc:4    | Bought a scroll of teleportation for 96 gold pieces
 18844 | Orc:4    | Bought a scroll of teleportation for 96 gold pieces
 18844 | Orc:4    | Bought a scroll of blinking for 240 gold pieces
 18844 | Orc:4    | Bought a scroll of enchant armour for 240 gold pieces
 18925 | Orc:1    | Bought a scroll of enchant armour for 225 gold pieces
 18925 | Orc:1    | Bought a potion of might for 120 gold pieces
 18933 | Orc:1    | Upgraded the game from 0.16.0-8-gd9ae3a8 to 0.16.0-11-gd45b091
 19224 | D:12     | Noticed Joseph
 19231 | D:12     | Killed Joseph
 19592 | Spider:1 | Entered Level 1 of the Spider Nest
 20047 | Spider:1 | Reached skill level 25 in Stealth
 20072 | Spider:2 | Identified a ring of the Octopus King {AC+1 EV+1 Str+1 Int+1 Dex+1 SInv}
 20595 | Spider:2 | Reached XP level 19. HP: 76/105 MP: 37/37
 20878 | Spider:3 | Learned a level 2 spell: Repel Missiles
 20886 | Spider:3 | Learned a level 4 spell: Control Teleport
 20889 | Spider:3 | Learned a level 2 spell: Swiftness
 21260 | Spider:4 | Reached skill level 5 in Conjurations
 21342 | Spider:4 | Noticed Louise
 21350 | Spider:4 | Killed Louise
 21477 | Spider:5 | Entered Level 5 of the Spider Nest
 21731 | Spider:5 | Noticed Arachne
 21847 | Spider:5 | Killed Arachne
 21847 | Spider:5 | Reached skill level 10 in Conjurations
 21998 | Spider:5 | Paralysed by a hornet for 4 turns
 22186 | Spider:5 | Got a gossamer rune of Zot
 22351 | Lair:5   | Found a staircase to the Swamp.
 22360 | Swamp:1  | Entered Level 1 of the Swamp
 22360 | Swamp:1  | Identified the +8 rapier of Distant Worlds {pierce, Str+3 Dex+3}
 22592 | Swamp:2  | Reached XP level 20. HP: 111/111 MP: 38/38
 22723 | Swamp:2  | Noticed Frances
 22738 | Swamp:2  | Killed Frances
 22976 | Swamp:5  | Entered Level 5 of the Swamp
 23232 | Swamp:5  | Noticed a bone dragon
 23273 | Swamp:5  | Killed a bone dragon
 23669 | Swamp:5  | Got a decaying rune of Zot
 23714 | Swamp:5  | Gained mutation: You have a beak for a mouth. [potion of beneficial mutation]
 24568 | Swamp:1  | Found a glowing golden altar of the Shining One.
 24949 | D:13     | Identified the +3 ring mail of Zaet {rPois rN+ MR- Str+3}
 25235 | D:14     | Identified the +6 large shield of the Iron Devil {rCorr Dex+2}
 25282 | D:14     | Found a gate to the Vaults.
 25821 | D:15     | Entered Level 15 of the Dungeon
 25943 | D:15     | Noticed xsansara's ghost (powerful MiBe)
 25958 | D:15     | Killed xsansara's ghost
 26181 | D:15     | Found a staircase to the Depths.
 26286 | D:15     | Noticed Harold
 26334 | D:15     | Identified the ring "Niojud" {rF+ AC+6 Stlth+}
 26440 | D:15     | Identified the Papyrus of Shifting Stolen Souls (You found it on level 15 of the Dungeon)
 26458 | D:15     | Killed Harold
 26487 | D:15     | Noticed Fannar
 26494 | D:15     | Killed Fannar
 26579 | Vaults:1 | Entered Level 1 of the Vaults
 26580 | Vaults:1 | Reached skill level 10 in Short Blades
 26887 | Vaults:1 | Reached XP level 21. HP: 101/120 MP: 39/39
 27001 | Vaults:1 | Reached skill level 10 in Hexes
 27014 | Vaults:1 | Reached skill level 10 in Fighting
 27610 | Vaults:1 | Reduced skill Conjurations to level 10
 28011 | Vaults:2 | Noticed Boris
 28060 | Vaults:2 | Killed Boris
 28165 | Vaults:2 | Noticed Jory
 28252 | Vaults:2 | Found a staircase to the Crypt.
 28252 | Vaults:2 | Found an ancient bone altar of Kikubaaqudgha.
 28253 | Vaults:2 | Found a basalt altar of Yredelemnul.
 28416 | Vaults:2 | Noticed Saint Roka
 28443 | Vaults:2 | Killed Saint Roka
 28576 | Vaults:2 | Reached skill level 15 in Hexes
 29109 | Vaults:3 | Reached XP level 22. HP: 126/126 MP: 39/39
 29869 | Vaults:4 | Noticed Donald
 29879 | Vaults:4 | Killed Donald
 29947 | Vaults:4 | Noticed Mara
 29958 | Vaults:4 | Noticed Sorcv's illusion
 29997 | Vaults:4 | Killed Mara
 30890 | Vaults:4 | Found Chainip's Weapon Emporium.
 30904 | Vaults:4 | Reached XP level 23. HP: 131/131 MP: 41/41
 30933 | Vaults:4 | Learned a level 8 spell: Discord
 31013 | Vaults:5 | Entered Level 5 of the Vaults
 31016 | Vaults:5 | Reached skill level 15 in Spellcasting
 31943 | Vaults:5 | Identified the +2 chain mail of the Duchess {Dex+4}
 31954 | Vaults:5 | Identified the +6 great sword of Upheaval {flame, Dex+4} (You took it off a deep elf sorcerer on level 5 of the Vaults)
 32230 | Vaults:5 | Got a silver rune of Zot
 32547 | Vaults:5 | Reached XP level 24. HP: 141/147 MP: 42/42
 32613 | Vaults:5 | Identified the cursed -5 robe of the Forgotten Gods {rPois Str-2 Int+2 Stlth+} (You found it on level 5 of the Vaults)
 32770 | Vaults:5 | Reached skill level 15 in Fighting
 32841 | Vaults:5 | Identified the cursed +0 pair of gloves of Defiance {Stlth+}
 32844 | Vaults:5 | Identified the ring of Yjede {Ice MR+}
 33110 | Vaults:2 | Reached skill level 1 in Armour
 33308 | Vaults:2 | Killed Jory
 33580 | Crypt:1  | Entered Level 1 of the Crypt
 33590 | Crypt:1  | Reached skill level 5 in Armour
 33726 | Crypt:1  | Noticed Sojobo
 33754 | Crypt:1  | Killed Sojobo
 33957 | Crypt:1  | Noticed Khufu
 33959 | Crypt:1  | Noticed a greater mummy
 34043 | Crypt:1  | Killed Khufu
 34057 | Crypt:1  | Killed a greater mummy
 34326 | Crypt:2  | Reached skill level 10 in Armour
 34605 | Crypt:2  | Noticed Agnes
 34617 | Crypt:2  | Killed Agnes
 34626 | Crypt:2  | Noticed Mennas
 34655 | Crypt:2  | Learned a level 2 spell: Stoneskin
 34693 | Crypt:2  | Killed Mennas
 34693 | Crypt:2  | Reached XP level 25. HP: 115/154 MP: 33/42
 34746 | Crypt:2  | Identified the cursed +5 chain mail of Truth {rElec} (You acquired it on level 2 of the Crypt)
 34948 | Crypt:3  | Entered Level 3 of the Crypt
 35390 | Crypt:3  | Identified the ring "Fruugeos" {Contam rN+ MR+ Str+4 Dex+3}
 35415 | Crypt:3  | Identified the ring of the Two Names {rPois rN+ SInv} (You found it on level 3 of the Crypt)
 35415 | Crypt:3  | Identified the ring "Koycs" {rElec rN+ Int-5 Dex+6} (You found it on level 3 of the Crypt)
 35772 | Crypt:3  | Reduced skill Hexes to level 15
 35856 | Crypt:3  | Found a staircase to the Tomb.
 35940 | Crypt:3  | Reached skill level 15 in Armour
 35993 | Crypt:3  | Found a basalt altar of Yredelemnul.
 35993 | Crypt:3  | Noticed an ancient lich
 35998 | Crypt:3  | Killed an ancient lich
 36048 | Crypt:3  | Identified Sif Muna's Grimoire of Vitriolic Unholy Rituals (You found it on level 3 of the Crypt)
 36067 | Crypt:3  | Learned a level 3 spell: Spectral Weapon
 36077 | Crypt:3  | Learned a level 6 spell: Haste
 36636 | D:9      | Killed a skeletal warrior
 36652 | D:9      | Killed a skeletal warrior
 36656 | D:9      | Killed a skeletal warrior
 36862 | Lair:5   | Killed Maud
 36947 | Lair:7   | Found a viscous altar of Jiyva.
 36947 | Lair:7   | Found a staircase to the Slime Pits.
 36953 | Slime:1  | Entered Level 1 of the Pits of Slime
 37060 | Slime:1  | Reached skill level 5 in Long Blades
 37328 | Slime:6  | Entered Level 6 of the Pits of Slime
 37467 | Slime:6  | Reached XP level 26. HP: 160/160 MP: 43/43
 37606 | Slime:6  | Noticed the royal jelly
 37736 | Slime:6  | Found a viscous altar of Jiyva.
 37741 | Slime:6  | Killed the royal jelly
 37741 | Slime:6  | Reached skill level 10 in Long Blades
 37742 | Slime:6  | Identified the +8 morningstar of Balance {freeze, rC+ Int+4}
 37742 | Slime:6  | Identified the +3 buckler of Elyvilon's Vengeance {rElec Dex+2 Stlth+}
 37742 | Slime:6  | Identified the ring "Liaggal" {Wiz rPois Str+9}
 37742 | Slime:6  | Identified the +6 flail "Fyjair Kled" {venom, rN++ Int-4}
 37745 | Slime:6  | Identified the +4 falchion of Radicalism {antimagic, +Rage Str+2 Dex-5}
 37831 | Slime:6  | Got a slimy rune of Zot
 37874 | Slime:6  | Reached XP level 27. HP: 165/165 MP: 23/43
 38579 | Depths:1 | Entered Level 1 of the Depths
 38700 | Depths:1 | Found a gateway to Hell.
 38892 | Depths:1 | Found a sparkling altar of Nemelex Xobeh.
 38957 | Depths:1 | Identified a +0 rod of shadows (13/13)
 39232 | Depths:2 | Found a one-way gate to the infinite horrors of the Abyss.
 39312 | Depths:2 | Found Hogeg's Armour Boutique.
 39617 | Depths:2 | Reduced skill Hexes to level 10
 39822 | Depths:2 | Found a large runed door.
 39826 | Depths:2 | Found a large runed door.
 40165 | Depths:2 | Identified a ring of the Octopus King {rC+ AC+1 EV+1 Str+1 Int+1 Dex+1}
 40524 | Depths:3 | Found a one-way gate leading to the halls of Pandemonium.
 40870 | Depths:4 | Found Khoim's Weapon Shoppe.
 40920 | Depths:4 | Found a gateway to a ziggurat.
 41497 | Depths:4 | Noticed Frederick
 41584 | Depths:4 | Killed Frederick
 41724 | Depths:4 | Reached skill level 1 in Summonings
 41740 | Depths:4 | Learned a level 5 spell: Dispel Undead
 41878 | Depths:5 | Entered Level 5 of the Depths
 41949 | Depths:5 | Reached skill level 5 in Summonings
 42376 | Depths:5 | Found a gate to the Realm of Zot.
 42405 | Depths:5 | Reached skill level 10 in Summonings
 43137 | Tomb:1   | Entered Level 1 of the Tomb of the Ancients
 43222 | Tomb:1   | Identified the cursed -1 chain mail of Gluttony {rElec MR- Int+3}
 43333 | Tomb:1   | Reached skill level 26 in Stealth
 43388 | Tomb:1   | Noticed a greater mummy
 43392 | Tomb:1   | Noticed a greater mummy
 43402 | Tomb:1   | Killed a greater mummy
 43407 | Tomb:1   | Killed a greater mummy
 43465 | Tomb:1   | Reached skill level 27 in Stealth
 43633 | Tomb:1   | Reduced skill Stealth to level 26
 43633 | Tomb:1   | Reached skill level 27 in Stealth
 43648 | Tomb:1   | Reduced skill Stealth to level 26
 43674 | Tomb:2   | Reached skill level 27 in Stealth
 43676 | Tomb:2   | Noticed a greater mummy
 43679 | Tomb:2   | Noticed a greater mummy
 43680 | Tomb:2   | Noticed an ancient lich
 43680 | Tomb:2   | Noticed a greater mummy
 43685 | Tomb:1   | Reduced skill Stealth to level 26
 43685 | Tomb:1   | Reached skill level 27 in Stealth
 43698 | Tomb:1   | Reduced skill Stealth to level 26
 43698 | Tomb:1   | Reached skill level 27 in Stealth
 43787 | Tomb:1   | Killed a greater mummy
 43787 | Tomb:1   | Reduced skill Stealth to level 26
 43787 | Tomb:1   | Reached skill level 27 in Stealth
 43793 | Tomb:1   | Killed an ancient lich
 43793 | Tomb:1   | Reduced skill Stealth to level 26
 43793 | Tomb:1   | Reached skill level 27 in Stealth
 43793 | Tomb:1   | Reached skill level 5 in Translocations
 43802 | Tomb:1   | Reduced skill Stealth to level 26
 43878 | Tomb:2   | Noticed Boris
 43889 | Tomb:1   | Killed a greater mummy
 44017 | Tomb:1   | Killed Boris
 44021 | Tomb:1   | Killed a greater mummy
 44275 | Tomb:2   | Reached skill level 27 in Stealth
 44282 | Tomb:2   | Reduced skill Stealth to level 26
 44282 | Tomb:2   | Reached skill level 27 in Stealth
 44292 | Tomb:2   | Reduced skill Stealth to level 26
 44372 | Tomb:3   | Entered Level 3 of the Tomb of the Ancients
 44405 | Tomb:3   | Noticed a greater mummy
 44410 | Tomb:2   | Reached skill level 27 in Stealth
 44413 | Tomb:2   | Reduced skill Stealth to level 26
 44413 | Tomb:2   | Reached skill level 27 in Stealth
 44446 | Tomb:2   | Reduced skill Stealth to level 26
 44446 | Tomb:2   | Reached skill level 27 in Stealth
 44450 | Tomb:2   | Reduced skill Stealth to level 26
 44450 | Tomb:2   | Reached skill level 27 in Stealth
 44467 | Tomb:3   | Noticed an ancient lich
 44474 | Tomb:2   | Reduced skill Stealth to level 26
 44474 | Tomb:2   | Reached skill level 27 in Stealth
 44505 | Tomb:3   | Noticed a greater mummy
 44509 | Tomb:2   | Reduced skill Stealth to level 26
 44509 | Tomb:2   | Reached skill level 27 in Stealth
 44510 | Tomb:2   | Reduced skill Stealth to level 26
 44546 | Tomb:3   | Noticed a greater mummy
 44552 | Tomb:2   | Reached skill level 27 in Stealth
 44555 | Tomb:2   | Reduced skill Stealth to level 26
 44555 | Tomb:2   | Reached skill level 27 in Stealth
 44559 | Tomb:2   | Reduced skill Stealth to level 26
 44559 | Tomb:2   | Reached skill level 27 in Stealth
 44567 | Tomb:2   | Killed a greater mummy
 44567 | Tomb:2   | Reduced skill Stealth to level 26
 44695 | Tomb:2   | Killed an ancient lich
 44726 | Tomb:2   | Killed a greater mummy
 44820 | Tomb:2   | Killed a greater mummy
 44883 | Tomb:2   | Paralysed by the power of Zot for 4 turns
 44885 | Tomb:2   | HP: 7/153 [death scarab (11)]
 44885 | Tomb:2   | Mangled by a death scarab

Action                   |  1- 3 |  4- 6 |  7- 9 | 10-12 | 13-15 | 16-18 | 19-21 | 22-24 | 25-27 || total
-------------------------+-------+-------+-------+-------+-------+-------+-------+-------+-------++-------
Melee: Dagger            |    58 |   127 |   175 |   369 |  1237 |  1632 |  2172 |   468 |       ||  6238
       Rapier            |       |       |       |       |       |       |       |  1218 |  1478 ||  2696
       Eudemon blade     |       |       |       |       |       |       |       |       |  1132 ||  1132
 Cast: Ensorcelled Hiber |     2 |     7 |    28 |    90 |   122 |     7 |    29 |     1 |     1 ||   287
       Confuse           |       |       |     8 |    11 |    57 |     2 |    47 |     4 |     1 ||   130
       Dazzling Spray    |       |       |     2 |    35 |    89 |    16 |    14 |    11 |       ||   167
       Corona            |       |       |     1 |     1 |       |     5 |       |       |     1 ||     8
       Silence           |       |       |       |       |       |    28 |     3 |     3 |    12 ||    46
       Enslavement       |       |       |       |       |       |     3 |       |     2 |       ||     5
       Regeneration      |       |       |       |       |       |    30 |    66 |    53 |    68 ||   217
       Phase Shift       |       |       |       |       |       |     2 |    20 |     8 |       ||    30
       Invisibility      |       |       |       |       |       |     1 |     5 |     6 |     3 ||    15
       Repel Missiles    |       |       |       |       |       |       |     1 |     2 |    15 ||    18
       Discord           |       |       |       |       |       |       |       |    13 |       ||    13
       Stoneskin         |       |       |       |       |       |       |       |     1 |       ||     1
Invok: Scrying           |       |       |       |       |       |     1 |       |       |       ||     1
       Transfer Knowledg |       |       |       |       |       |       |     2 |     1 |     2 ||     5
       End Transfer Know |       |       |       |       |       |       |       |       |     1 ||     1
 Abil: Evoke Flight      |       |       |       |       |       |       |    11 |       |       ||    11
Evoke: Wand              |       |       |       |       |     5 |    14 |     6 |       |    13 ||    38
       Lamp of fire      |       |       |       |       |       |       |       |     1 |     2 ||     3
  Use: Scroll            |       |    11 |    11 |    11 |    16 |     8 |    12 |    23 |    22 ||   114
       Potion            |       |     1 |     2 |     1 |     4 |     8 |    19 |     7 |    19 ||    61
 Stab: Sleeping          |     9 |    16 |    34 |    88 |   171 |   104 |   133 |    59 |   119 ||   733
       Distracted        |       |       |     2 |     1 |     4 |     4 |     9 |    15 |    10 ||    45
       Confused          |       |       |     3 |     3 |    18 |       |    21 |     3 |     1 ||    49
       Invisible         |       |       |     1 |    17 |    64 |    29 |    32 |    47 |    10 ||   200
       Fleeing           |       |       |       |       |     1 |       |       |       |       ||     1
       Held in net/web   |       |       |       |       |       |       |       |       |     1 ||     1
       Petrified         |       |       |       |       |       |       |       |       |     3 ||     3
       Petrifying        |       |       |       |       |       |       |       |       |     1 ||     1
  Eat: Chunk             |     2 |    10 |     6 |    19 |    40 |    35 |    39 |    34 |    47 ||   232
       Pizza             |       |       |       |       |     3 |     1 |     1 |       |     1 ||     6
       Beef jerky        |       |       |       |       |       |     4 |     1 |     1 |     3 ||     9
       Royal jelly       |       |       |       |       |       |     1 |     5 |     1 |     1 ||     8
       Meat ration       |       |       |       |       |       |       |     1 |       |       ||     1
